 Dungeon Crawl Stone Soup version 0.20.1-2-g1830e616b0 (webtiles) character file.

339 Alfie the Shooter (level 6, -7/47 HPs)
             Began as a Human Hunter on Jan 16, 2020.
             Killed from afar by Blork the orc (10 damage)
             ... with a puff of flame
             ... on level 4 of the Dungeon.
             The game lasted 00:11:02 (2213 turns).

Alfie the Shooter (Human Hunter)                    Turns: 2213, Time: 00:11:03

Health: -7/47      AC:  4    Str: 14    XL:     6   Next: 86%
Magic:  6/6        EV: 12    Int: 11    God:
Gold:   180        SH:  0    Dex: 14    Spells: 5/5 levels left

rFire    . . .     SeeInvis .   a - +1 shortbow
rCold    . . .     Gourm    .   (shield currently unavailable)
rNeg     . . .     Faith    .   c - +1 leather armour
rPois    .         Spirit   .   (no helmet)
rElec    .         Reflect  .   (no cloak)
rCorr    .         Harm     .   (no gloves)
MR       .....                  (no boots)
Stlth    +.........             (no amulet)
Regen    0.2/turn               (no ring)
MPRegen  0.1/turn               (no ring)

@: no status effects
A: no striking features
a: no special abilities


You were on level 4 of the Dungeon.
You were not hungry.

You visited 1 branch of the dungeon, and saw 4 of its levels.

You collected 180 gold pieces.

Inventory:

Hand Weapons
 a - a +1 shortbow (weapon)
 e - a +2 short sword of protection
Missiles
 d - 41 arrows (quivered)
Armour
 c - a +1 leather armour (worn)
Jewellery
 g - an uncursed amulet of faith
 i - a cursed ring of teleportation
Scrolls
 j - 4 scrolls of identify
 p - a scroll of fear
Potions
 b - a potion of degeneration {unknown}
 h - a potion of flight {unknown}
 n - a potion of ambrosia {unknown}
 o - a potion of might {unknown}
 q - 2 potions of curing {unknown}
Comestibles
 f - a bread ration
 k - a meat ration
 l - 3 royal jellies


   Skills:
 + Level 3.5 Fighting
 + Level 1.0 Short Blades
 + Level 6.5 Bows
 + Level 1.1 Armour
 + Level 2.4 Dodging
 + Level 1.1 Stealth


You had 5 spell levels left.
You didn't know any spells.

Dungeon Overview and Level Annotations

Branches:
Dungeon (4/15)             Temple (0/1) D:4

Altars:
Ashenzari
Gozag
Sif Muna

Annotations:
D:4 Blork the orc


Message History

The orc wizard hits you with a dagger of venom.
* * * LOW HITPOINT WARNING * * *
Blork the orc closely misses you.
The orc priest mumbles some strange prayers to Beogh against you.
Beogh smites you!
* * * LOW HITPOINT WARNING * * *
There is an open door here.
Blork the orc hits you but does no damage.
Your magical contamination has completely faded away.
Blork the orc closely misses you.
The orc wizard looks encouraged for a moment.
Blork the orc screams, "I'll drink your blood!
Soon!"
Blork the orc hits you but does no damage.
The orc wizard casts a spell.
The orc wizard flickers and vanishes!
Deactivating autopickup; reactivate with Ctrl-A.
Blork the orc screams, "I'm going to kill you!"
Blork the orc casts a spell at you. The puff of flame hits you!
You die...

######
#....#############
#....#.lo.@.......
#....'............
#....#............
#....#............
#.o..#............
####....######..#####
#..........# ..#
#......o...# ...
#..........#


You could see Blork the orc and a frilled lizard.

Vanquished Creatures
  Sigmund (D:2)
  Natasha (thrice) (D:3)
  4 adders
  An ooze (D:3)
  A dart slug (D:1)
  2 leopard geckos
  An orc (D:3)
  A ball python (D:3)
  A giant cockroach (D:1)
  9 hobgoblins
  5 jackals
  5 bats
  2 frilled lizards (D:1)
  13 goblins
  A kobold (D:3)
  7 rats
57 creatures vanquished.

Notes
Turn   | Place    | Note
-------+----------+-------------------------------------------
     0 | D:1      | Alfie the Human Hunter began the quest for the Orb.
     0 | D:1      | Reached XP level 1. HP: 16/16 MP: 1/1
   228 | D:1      | Reached XP level 2. HP: 22/22 MP: 2/2
   716 | D:1      | Reached XP level 3. HP: 28/28 MP: 3/3
  1069 | D:2      | Reached XP level 4. HP: 34/34 MP: 4/4
  1293 | D:2      | Noticed Sigmund
  1321 | D:2      | Killed Sigmund
  1321 | D:2      | Reached skill level 6 in Bows
  1321 | D:2      | Reached XP level 5. HP: 34/41 MP: 5/5
  1321 | D:2      | Reached XP level 6. HP: 40/47 MP: 6/6
  1845 | D:3      | Noticed Natasha
  1849 | D:3      | Killed Natasha
  1849 | D:3      | Reached skill level 1 in Armour
  1858 | D:3      | Noticed Natasha
  1871 | D:3      | Killed Natasha
  1951 | D:3      | Noticed Natasha
  1972 | D:3      | Killed Natasha
  1972 | D:3      | Reached skill level 1 in Short Blades
  2164 | D:4      | Found a shattered altar of Ashenzari.
  2164 | D:4      | Found a deep blue altar of Sif Muna.
  2164 | D:4      | Found an opulent altar of Gozag.
  2164 | D:4      | Noticed an ogre
  2166 | D:4      | Noticed Blork the orc
  2170 | D:4      | Found a staircase to the Ecumenical Temple.
  2207 | D:4      | HP: 2/47 [orc priest/divine providence (11)]
  2213 | D:4      | Killed from afar by Blork the orc

Skill      XL: |  1  2  3  4  5  6 |
---------------+-------------------+-----
Fighting       | 3 |  3.5
Bows           | 6 |  6.5
Armour         | 1 |  1.1
Short Blades   | 1 |  1.0
Dodging        | |  2.4
Stealth        | |  1.1

Action                   |  1- 3 |  4- 6 || total
-------------------------+-------+-------++-------
Melee: Short sword       |       |    53 ||    53
 Fire: Shortbow          |    75 |    94 ||   169
  Use: Scroll            |     3 |     8 ||    11
 Stab: Sleeping          |       |     1 ||     1
  Eat: Royal jelly       |       |     1 ||     1
       Bread ration      |       |     1 ||     1
Armor: Leather armour    |     8 |    28 ||    36
Dodge: Dodged            |    23 |    64 ||    87
